Match 45714051
Unlisted

Match 45714051
End
Construct Barracks
Selects Special Operations Battlegroup
1⁄4-ton 4x4 Truck
Riflemen Squad
Riflemen Squad
Air Support Center
Engineer Squad
Construct Motor Pool
Grasshopper Recon Run
P-47 Strafing Run
Selects M29 Weasel with M1 Pack Howitzer
Selects M29 Weasel with M1 Pack Howitzer
M29 Weasel with M1 Pack Howitzer
Construct Medical Station
Grasshopper Recon Run
M1918 Browning Automatic Rifles
Riflemen Squad
Grasshopper Recon Run
Selects Mark Vehicle
Selects UNKNOWN (2162291)
M1 Anti-tank Gun Team
Grenade Package
Construct Tank Depot
Selects Smoke Screen
Selects SSF Commando Squad
Grasshopper Recon Run
M1 Anti-tank Gun Team
M4A1 Sherman Whizbang
Grasshopper Recon Run
Riflemen Squad
P-47 Strafing Run
M4A1 Sherman Whizbang
P-47 Dive Bomb
Grasshopper Recon Run
M24 Chaffee Light Tank
Mark Vehicle
M24 Chaffee Light Tank
P-47 Dive Bomb
Scout Squad
M24 Chaffee Light Tank
Grasshopper Recon Run
Mark Vehicle
Smoke Screen
Jm200092
AUS Potato
CommissarJuriSprite
Bobex
0
0

Comments sign in to comment!

No comments posted yet!